 Dungeon Crawl Stone Soup version 0.25.1-2-g60ff931df9 (webtiles) character file.

Game seed: 18144758971469053321

3495 DogServant the Nimble (level 10, -1/74 HPs)
             Began as a Merfolk Gladiator on Nov 8, 2020.
             Was an Elder of Okawaru.
             Slain by an orc warrior
             ... wielding a +0 trident
              (16 damage)
             ... on level 8 of the Dungeon.
             The game lasted 00:09:26 (7582 turns).

DogServant the Nimble (Merfolk Gladiator)           Turns: 7582, Time: 00:09:27

Health: -1/74      AC:  7    Str: 24    XL:     10   Next: 7%
Magic:  10/10      EV: 20    Int:  7    God:    Okawaru [****..]
Gold:   524        SH:  5    Dex: 16    Spells: 9/9 levels left

rFire    . . .     SeeInvis .   a - +2 long sword
rCold    . . .     Gourm    .   j - +0 buckler
rNeg     . . .     Faith    .   i - +3 leather armour
rPois    .         Spirit   .   s - +0 helmet
rElec    .         Reflect  .   (no cloak)
rCorr    .         Harm     .   (no gloves)
MR       .....                  (no boots)
Stlth    +.........             (no amulet)
HPRegen  0.22/turn              k - +6 ring of strength
MPRegen  0.12/turn              (no ring)

@: no status effects
A: change form in water, swift swim, stealthy swim
a: Heroism, Renounce Religion


You were on level 8 of the Dungeon.
You worshipped Okawaru.
Okawaru was greatly pleased with you.
You were not hungry.

You visited 2 branches of the dungeon, and saw 9 of its levels.

You collected 524 gold pieces.

Inventory:

Hand Weapons
 a - a +2 long sword (weapon)
Missiles
 d - 4 atropa-tipped darts
 h - 11 poisoned darts (quivered)
 B - 2 throwing nets
Armour
 i - a +3 leather armour (worn)
 j - a +0 buckler (worn)
 s - a +0 helmet (worn)
Jewellery
 k - a +6 ring of strength (left hand)
Wands
 b - a wand of flame (16)
Scrolls
 c - 2 scrolls of magic mapping
 p - 4 scrolls of remove curse
 r - 3 scrolls of immolation
 t - a scroll of amnesia
 u - a scroll of teleportation
 x - a scroll of vulnerability {unknown}
 y - a scroll of enchant weapon
 z - a scroll of blinking {unknown}
 A - a scroll of fog {unknown}
Potions
 e - a potion of curing
 g - a potion of ambrosia {unknown}
 l - a potion of mutation
 m - a potion of resistance {unknown}
 n - 4 potions of degeneration {unknown}
 o - a potion of lignification {unknown}
 q - 2 potions of haste {unknown}
 v - a potion of brilliance {unknown}
 w - a potion of stabbing {unknown}
Comestibles
 f - 13 rations
 C - 5 chunks of flesh


   Skills:
 - Level 5.0 Fighting
 + Level 11.0 Long Blades
 - Level 2.0 Throwing
 + Level 11.3 Dodging
 - Level 4.0 Shields


You had 9 spell levels left.
You didn't know any spells.
Your spell library contained the following spells:

 Spells                   Type           Power        Failure   Level  Hunger
 Magic Dart               Conj           #...         47%         1    ##.....
 Searing Ray              Conj           #.....       63%         2    ###....
 Dazzling Flash           Conj/Hex       #.....       85%         3    ####...
 Fulminant Prism          Conj/Hex       #.........   99%         4    #####..
 Iskenderun's Mystic Bla  Conj/Tloc      #.......     99%         4    #####..


Dungeon Overview and Level Annotations

Branches:
Dungeon (8/15)             Temple (1/1) D:4            Lair (0/6) D:8

Altars:
Ashenzari
Cheibriados
Dithmenos
Elyvilon
Gozag
Hepliaklqana
Kikubaaqudgha
Makhleb
Nemelex Xobeh
Okawaru
Qazlal
Ru
Sif Muna
Trog
Uskayaw
Vehumet
Wu Jian
Xom
Yredelemnul
Zin
The Shining One

Annotations:
D:6 1 runed translucent door


Message History

The killer bee zombie closely misses you.
The orc warrior hits you with a +0 trident!!
* * * LOW HITPOINT WARNING * * *
You feel better.
The killer bee zombie hits you but does no damage.
The killer bee zombie hits you.
* * * LOW HITPOINT WARNING * * *
You block the orc warrior's attack.
You barely miss the orc warrior.
The orc warrior is almost dead.
The killer bee zombie hits you.
* * * LOW HITPOINT WARNING * * *
The orc warrior closely misses you. The killer bee zombie misses you.
You riposte.
You barely miss the killer bee zombie.
You feel better.
The killer bee zombie barely misses you.
You riposte.
You hit the killer bee zombie.
The killer bee zombie is lightly damaged.
The orc warrior hits you with a +0 trident!
You die...

#...##.. .....#.# ##
#......# .. #......#
.##. #.##..... ...
....... #.###. #.o#
#...###Z@#####.#
#####...............
..........##........#
...###.....##>########
#...≈...#..##.# #.
#...#..####.#
#.##PPP##.# #.#
#..P.P....# #%#
#≈..P>PP.≈# #.#


You could see an orc warrior and a killer bee zombie.

Vanquished Creatures
  Pikel (D:7)
  Joseph (D:7)
  Prince Ribbit (D:7)
  Sigmund (D:2)
  A hungry ghost (D:7)
  A basilisk (D:8)
  2 sky beasts
  Duvessa (D:5)
  An orc warrior (D:7)
  An ice beast (D:6)
  A slave (D:7)
  A centaur (D:8)
  A crocodile (D:8)
  4 bullfrogs
  Dowan (D:5)
  A scorpion (D:7)
  6 killer bees (D:7)
  3 howler monkeys (D:8)
  2 bullfrog zombies (D:6)
  3 crimson imps
  2 orc priests
  3 orc wizards
  A bullfrog skeleton (D:7)
  2 centaur skeletons
  Terence (D:3)
  3 worker ants
  2 hound skeletons
  A worker ant zombie (D:8)
  Robin (D:3)
  5 adders
  An ooze (D:2)
  4 worms
  4 dart slugs (D:1)
  7 leopard geckos
  11 orcs
  A ball python (D:4)
  4 bats
  2 giant cockroaches
  13 goblins
  6 hobgoblins
  12 jackals
  5 quokkas
  A ball python skeleton (D:4)
  12 frilled lizards
  A goblin zombie (D:7)
  2 jackal skeletons
  4 kobolds
  A quokka zombie (D:7)
  11 rats
157 creatures vanquished.

Vanquished Creatures (others)
  A fungus (D:8)
1 creature vanquished.

Grand Total: 158 creatures vanquished

Notes
Turn   | Place    | Note
-------+----------+-------------------------------------------
     0 | D:1      | DogServant the Merfolk Gladiator began the quest for the
                  | Orb.
     0 | D:1      | Reached XP level 1. HP: 16/16 MP: 1/1
   118 | D:1      | Reached XP level 2. HP: 21/22 MP: 2/2
   367 | D:1      | Reached XP level 3. HP: 27/27 MP: 3/3
   612 | D:2      | Reached skill level 5 in Dodging
  1083 | D:2      | Reached XP level 4. HP: 26/33 MP: 4/4
  1274 | D:2      | Noticed Sigmund
  1707 | D:3      | Noticed Terence
  1715 | D:3      | Killed Terence
  1715 | D:3      | Reached skill level 1 in Shields
  1962 | D:3      | Found a bloodstained altar of Trog.
  2029 | D:3      | Noticed Robin
  2039 | D:3      | Reached XP level 5. HP: 27/38 MP: 5/5
  2043 | D:3      | Killed Robin
  2048 | D:3      | Reached skill level 5 in Long Blades
  2613 | D:4      | Found a staircase to the Ecumenical Temple.
  2646 | Temple   | Entered the Ecumenical Temple
  3317 | Temple   | Became a worshipper of Warmaster Okawaru
  3352 | D:4      | Reached XP level 6. HP: 44/44 MP: 6/6
  3703 | D:5      | Entered Level 5 of the Dungeon
  3844 | D:5      | Noticed Duvessa
  3845 | D:5      | Noticed Dowan
  3863 | D:5      | Killed Duvessa
  3881 | D:5      | Killed Dowan
  3881 | D:5      | Reached XP level 7. HP: 35/50 MP: 7/7
  3883 | D:5      | Reached * piety under Okawaru
  4449 | D:6      | Found a runed translucent door.
  4449 | D:6      | Noticed a human
  4452 | D:6      | Found a basalt altar of Yredelemnul.
  4546 | D:6      | Noticed a manticore
  4929 | D:2      | Killed Sigmund
  4929 | D:2      | Reached XP level 8. HP: 59/60 MP: 8/8
  5629 | D:7      | Noticed Prince Ribbit
  6029 | D:7      | Noticed Pikel
  6063 | D:7      | Killed Pikel
  6063 | D:7      | Reached ** piety under Okawaru
  6063 | D:7      | Reached skill level 5 in Fighting
  6077 | D:7      | Reached XP level 9. HP: 54/68 MP: 9/9
  6231 | D:7      | Reached *** piety under Okawaru
  6234 | D:7      | Noticed Joseph
  6255 | D:7      | Killed Joseph
  6599 | D:7      | Killed Prince Ribbit
  6599 | D:7      | Reached **** piety under Okawaru
  6599 | D:7      | Reached skill level 10 in Long Blades
  6693 | D:7      | Reached skill level 10 in Dodging
  7351 | D:8      | Found a staircase to the Lair.
  7363 | D:8      | Reached XP level 10. HP: 73/74 MP: 10/10
  7582 | D:8      | Slain by an orc warrior

Illustrated notes

Levels and vault maps discovered:
D:1:      lightli_iron_boxes, layout_rooms
D:2:      layout_loops_cross, minmay_lizard_pond, uniq_sigmund
D:3:      layout_loops_ring, trog_three_pillars_becter, uniq_robin, uniq_terence
D:4:      layout_rooms, minmay_temple_entry_grid, first_ration,
          grunt_ministairs_7
D:5:      layout_rooms, uniq_duvessa
D:6:      layout_basic, dk_yredelemnul_ordeal
D:7:      layout_basic, enter_ossuary_4, uniq_joseph, uniq_pikel,
          uniq_prince_ribbit1
D:8:      layout_loops_ring, kennysheep_little_box, dpeg_oklobed_lair
Temple:   nicolae_temple_the_god_donut

Skill      XL: |  1  2  3  4  5  6  7  8  9 10 |
---------------+-------------------------------+-----
Long Blades    | 4 5 6 7 9 10 11 | 11.0
Dodging        | 5 6 8 11 | 11.3
Shields        | 1 2 4 |  4.0
Fighting       | 3 5 |  5.0
Throwing       | |  2.0

Action                   |  1- 3 |  4- 6 |  7- 9 | 10-12 || total
-------------------------+-------+-------+-------+-------++-------
Melee: Long sword        |   108 |   140 |   255 |    37 ||   540
       Tailslap          |     2 |       |       |       ||     2
Throw: Throwing net      |       |     3 |     3 |       ||     6
       Dart              |       |     4 |    14 |       ||    18
Invok: Heroism           |       |       |     3 |       ||     3
  Use: Scroll            |       |    10 |     2 |       ||    12
       Potion            |       |     1 |     1 |     2 ||     4
 Stab: Sleeping          |     1 |       |       |       ||     1
       Invisible         |       |     1 |       |       ||     1
       Distracted        |       |       |     1 |       ||     1
  Eat: Chunk             |     1 |     8 |     6 |     1 ||    16
       Ration            |       |       |     2 |       ||     2
Armor: Leather armour    |    39 |       |    33 |     7 ||    79
       Ring mail         |       |    42 |    18 |       ||    60
Dodge: Dodged            |   104 |    94 |   157 |    20 ||   375
Block: Buckler           |       |       |    55 |    11 ||    66
       Rpst.: Long sword |    42 |    28 |    50 |     7 ||   127
